 Dungeon Crawl Stone Soup version 0.31-a0-986-g5e6e4ef867 (webtiles) character file.

Game seed: 135600193447898636

47 FakeRyeBread the Shield-Bearer (level 3, -1/24 HPs)
             Began as a Gargoyle Fighter on Nov 8, 2023.
             Slain by Sigmund
             ... wielding a +0 scythe
              (8 damage)
             ... on level 3 of the Dungeon.
             The game lasted 00:03:04 (1482 turns).

FakeRyeBread the Shield-Bearer (Gargoyle Fighter)   Turns: 1482, Time: 00:03:04

Health: -1/24      AC: 12    Str: 21    XL:     3   Next: 70%
Magic:  3/3        EV:  7    Int: 14    God:
Gold:   90         SH:  4    Dex:  9    Spells: 2/2 levels left

rFire   . . .        a - +1 flail
rCold   . . .        c - +0 buckler
rNeg    + . .        e - +0 chain mail
rPois   ∞            (no helmet)
rElec   +            (no cloak)
rCorr   .            (no gloves)
SInv    .            (no boots)
Will    .....        (no amulet) Stlth
                     i - +6 ring of intelligence
HPRegen 0.24/turn    (no ring)
MPRegen 0.08/turn

%: no passive effects
@: no status effects
A: sickness immunity, AC +3, negative energy resistance 1, electricity
resistance, torment resistance 1, petrification resistance
a: no special abilities


You were on level 3 of the Dungeon.
You visited 1 branch of the dungeon, and saw 3 of its levels.

You collected 90 gold pieces.

Inventory:

Hand Weapons
 a - a +1 flail (weapon)
Armour
 c - a +0 buckler (worn)
 e - a +0 chain mail (worn)
Jewellery
 i - a +6 ring of intelligence (left hand)
Potions
 b - a potion of brilliance {unknown}
 d - a potion of might
 j - 2 potions of haste
 n - a potion of ambrosia {unknown}


   Skills:
 + Level 3.6 Fighting
 * Level 2.9 Maces & Flails
 + Level 3.6 Armour
 + Level 3.7 Shields


You had 2 spell levels left.
You didn't know any spells.
Your spell library contained the following spells:

 Spells                   Type           Power      Damage    Failure   Level
 Call Canine Familiar     Summ           0%         N/A       100%        3
 Ignite Poison            Fire/Tmut/Pois 0%         N/A       100%        3
 Sigil of Binding         Hex            0%         N/A       100%        3
 Dimensional Bullseye     Hex/Tloc       0%         N/A       100%        4
 Leda's Liquefaction      Hex/Erth       0%         N/A       100%        4
 Freezing Cloud           Conj/Ice/Air   0%         6-21      100%        5
 Cigotuvi's Dreadful Rot  Necr/Pois/Air  Unusable   N/A       N/A         2

Dungeon Overview and Level Annotations

Branches:
Dungeon (3/15)

Altars:

Annotations:
D:3 Sigmund


Innate Abilities, Weirdness & Mutations

You are immune to sickness and miasma.
Your stone body is resilient. (AC +3)
You are immune to poison.
You resist negative energy. (rN+)
You are resistant to electric shocks. (rElec)
You are resistant to unholy torment.
You are immune to petrification.


Message History

You feel strangely unstable.
It was a scroll of teleportation.
You drop a scroll of amnesia.
You climb downwards.
The gnoll shouts! x2; The orc shouts!
You hear a shout!
There is a stone staircase leading up here.
You stop ascending the stairs.
Your surroundings suddenly seem different.
Found 17 gold pieces.
A worm comes into view.
You see here 17 gold pieces.
You now have 90 gold pieces (gained 17).
Sigmund the Dreaded comes into view.
He is wielding a +0 scythe.
Sigmund shouts!
The worm bites you but does no damage. Sigmund casts a spell at you.
The magic dart hits you.
You barely miss the worm. Sigmund hits you but does no damage.
You block the worm's attack.
You barely miss the worm.
Sigmund's eyes start glowing with a red light.
Sigmund hits you but does no damage.
You barely miss the worm. The worm bites you.
You thump the worm!
The worm is severely wounded.
Sigmund hits you from afar with a +0 scythe!
The worm barely misses you.
You hit the worm.
The worm is almost dead.
Sigmund barely misses you. The worm bites you but does no damage.
You thump the worm!
You kill the worm!
Sigmund mumbles some strange words.
Sigmund flickers and vanishes!
Deactivating autopickup; reactivate with Ctrl-A.
Something hits you!
* * * LOW HITPOINT WARNING * * *
There is a strange disturbance nearby!
Found 5 stones.
Something hits you but does no damage.
Found a scroll labelled CAOVAPLEUL.
Something hits you!
You die...

..........###.#
#.............#
#.# #.# #.# #.#
#.#
#.##.########.#
#......@......#
?(...##########
###


There were no monsters in sight!

Vanquished Creatures
  2 adders (D:2)
  3 worms
  An endoplasm (D:2)
  2 giant cockroaches
  2 goblins
  2 hobgoblins (D:2)
  2 jackals (D:2)
  2 quokkas (D:2)
  2 ball pythons
  A kobold (D:2)
  2 rats
21 creatures vanquished.

Notes
Turn   | Place    | Note
-------+----------+-------------------------------------------
     0 | D:1      | FakeRyeBread the Gargoyle Fighter began the quest for the
                  | Orb.
     0 | D:1      | Reached XP level 1. HP: 14/14 MP: 1/1
   829 | D:2      | Reached XP level 2. HP: 19/19 MP: 2/2
  1126 | D:2      | Reached XP level 3. HP: 18/23 MP: 3/3
  1464 | D:3      | Noticed Sigmund
  1482 | D:3      | Slain by Sigmund

Illustrated notes

Levels and vault maps discovered:
D:1:      dpeg_arrival_erosion, layout_basic
D:2:      layout_rooms, kennysheep_boxes
D:3:      layout_loops_ring, guppyfry_early_lair_pool, uniq_sigmund,
          uniq_crazy_yiuf_cottage

Action                     || total
---------------------------++-------
  Melee: Flail             ||    75
    Use: Scroll            ||     6
 Armour: Chain mail        ||    58
  Dodge: Dodged            ||    35
  Block: Buckler           ||     9

Table legend: (Time is in decaauts)
 A = Elapsed time spent in this place.
 B = Non-inter-level travel time spent in this place.
 C = Inter-level travel time spent in this place.
 D = Time resting spent in this place.
 E = Time spent auto-exploring this place.
 F = Levels seen in this place.
 G = Mean time per level.
                   A        B        C        D        E       F      G
               +--------+--------+--------+--------+--------+-----+--------+
         Total |   1505 |   1376 |    129 |     53 |   1060 |   3 |  501.7 |
       Dungeon |   1505 |   1376 |    129 |     53 |   1060 |   3 |  501.7 |
               +--------+--------+--------+--------+--------+-----+--------+

Top non-repeatable levels by time:
     D:1: 828 daAuts
     D:2: 651 daAuts
     D:3: 26 daAuts
